[Event "Kvibergspelen September 2019"]
[Site "Prioritet Serneke Arena, Krutvagen 2, Gothenburg, Sweden"]
[Date "2019.09.27"]
[Round "2.3"]
[White "Ask, Josef"]
[Black "Schandorff, Lars"]
[Result "0-1"]
[TimeControl "15 minutes + 5 seconds per move from move one (Round 1 - 4) / 90 minutes + 30 seconds per move from move one (Round 5 - 8)"]
[WhiteTitle "FM"]
[BlackTitle "GM"]
[WhiteFideId "1704583"]
[BlackFideId "1400070"]
[WhiteElo "2160"]
[BlackElo "2496"]

1. e4 c6 2. d3 d5 3. Nd2 e5 4.
Ngf3 Bd6 5. g3 Nf6 6. Bg2 O-O 7. O-O Re8 8. b3 a5 9. a3 Na6 10. Bb2 dxe4 11. dxe4 b5 12. Re1 Nc5 13.
h3 Qc7 14. Nh4 g6 15. Nf1 Ne6 16. Kh2 Bc5 17. Ne3 Ng5 18. f3 Ne6 19. c3 Bb7 20. Qe2 Rad8 21. b4 Bf8 22. Rad1 axb4 23.
axb4 Rxd1 24. Rxd1 Rd8 25. Bc1 Be7 26. Bf1 Nd7 27. Nhg2 Nb6 28. Rxd8+ Qxd8 29. Qa2 Na4 30. Qb3 h5 31. h4 Qd6 32. Be2 Bd8 33. Ne1 Bb6 34.
N1g2 Bc8 35. Nc2 Qd7 36. g4 hxg4 37. fxg4 Qd6 38. g5 Nf4 39. Bf1 Qd1 40. Bxf4 exf4 41. Nge1 Qg4 42. Ng2 Qh3# 0-1

[Event "Kvibergspelen September 2019"]
[Site "Prioritet Serneke Arena, Krutvagen 2, Gothenburg, Sweden"]
[Date "2019.09.27"]
[Round "2.4"]
[White "Cramling, Pia"]
[Black "Ronneland, Daniel"]
[Result "1/2-1/2"]
[TimeControl "15 minutes + 5 seconds per move from move one (Round 1 - 4) / 90 minutes + 30 seconds per move from move one (Round 5 - 8)"]
[WhiteTitle "GM"]
[WhiteFideId "1700030"]
[BlackFideId "1702130"]
[WhiteElo "2487"]
[BlackElo "2137"]

1. Nf3 Nf6 2. c4 e6 3. g3 d5 4.
Bg2 c6 5. Qc2 Be7 6. d4 O-O 7. O-O Nbd7 8. Rd1 Ne4 9. Nc3 f5 10. Rb1 a5 11. Ne5 Nxe5 12. dxe5 Qc7 13. Nxe4 dxe4 14. Qc3 a4 15. c5 b6 16.
Be3 bxc5 17. Bxc5 Bxc5 18. Qxc5 Ra5 19. Qd6 Qxd6 20. exd6 Ba6 21. d7 Rd5 22. Rbc1 Rd8 23. Rxd5 cxd5 24.
Rc6 Bb7 25. Rc7 Ba6 26. Rc6 Bb7 27. Rc7 1/2-1/2

[Event "Kvibergspelen September 2019"]
[Site "Prioritet Serneke Arena, Krutvagen 2, Gothenburg, Sweden"]
[Date "2019.09.27"]
[Round "2.6"]
[White "Hector, Jonny"]
[Black "Borvander, Tom"]
[Result "1-0"]
[TimeControl "15 minutes + 5 seconds per move from move one (Round 1 - 4) / 90 minutes + 30 seconds per move from move one (Round 5 - 8)"]
[WhiteTitle "GM"]
[WhiteFideId "1700090"]
[BlackFideId "1707388"]
[WhiteElo "2477"]
[BlackElo "2096"]

1. e4 e5 2. Nf3 Nc6 3. Bc4 Nf6 4. d3 Bc5 5. O-O d6 6. c3 a6 7. Bb3 Ba7 8. Be3 O-O 9. Nbd2 h6 10.
Bxa7 Rxa7 11. Re1 Be6 12. Bxe6 fxe6 13. d4 Nd7 14. Nc4 exd4 15. cxd4 Qf6 16. e5 dxe5 17. dxe5 Qf7 18. Qb3 b5 19.
Ncd2 Nb6 20. Rac1 Ne7 21. Re2 Nbd5 22. Ne4 Ng6 23. Nc5 Ngf4 24. Rd2 Qg6 25. g3 Qg4 26. Kh1 Nh3 27. Nxe6 Qxe6 28.
Rxd5 Nxf2+ 29. Kg1 c6 30. Rxc6 Rxf3 31. Rd8+ 1-0

[Event "Kvibergspelen September 2019"]
[Site "Prioritet Serneke Arena, Krutvagen 2, Gothenburg, Sweden"]
[Date "2019.09.27"]
[Round "2.7"]
[White "Svorono, Gabriel"]
[Black "Seo, Jung Min"]
[Result "0-1"]
[TimeControl "15 minutes + 5 seconds per move from move one (Round 1 - 4) / 90 minutes + 30 seconds per move from move one (Round 5 - 8)"]
[BlackTitle "FM"]
[WhiteFideId "1715623"]
[BlackFideId "1734687"]
[WhiteElo "2082"]
[BlackElo "2437"]

1. e4 c5 2. Nf3 Nc6 3. d4 cxd4 4. Nxd4 Nf6 5. Nc3 d6 6. f3 e5 7. Nb3 Be7 8. Be3 Be6 9. Qd2 O-O 10. g4 a5 11. a4 Nb4 12. Nb5 Rc8 13.
Bd3 d5 14. g5 Nh5 15. h4 d4 16. Bf2 Nf4 17. c4 0-1

[Event "Kvibergspelen September 2019"]
[Site "Prioritet Serneke Arena, Krutvagen 2, Gothenburg, Sweden"]
[Date "2019.09.27"]
[Round "2.8"]
[White "Le, Quang Long"]
[Black "Bengtsson, Siv"]
[Result "1-0"]
[TimeControl "15 minutes + 5 seconds per move from move one (Round 1 - 4) / 90 minutes + 30 seconds per move from move one (Round 5 - 8)"]
[WhiteTitle "IM"]
[WhiteFideId "12401749"]
[BlackFideId "1701673"]
[WhiteElo "2415"]
[BlackElo "2086"]

1. Nf3 Nf6 2. g3 g6 3. Bg2 d5 4. c4 Bg7 5. cxd5 Nxd5 6. Nc3 Nb6 7. h4 h5 8. d3 Nc6 9. Bf4 Bg4 10.
Qd2 Qd7 11. O-O e5 12. Bg5 O-O 13. Ne4 f6 14. Nc5 Qe7 15. Be3 Nd8 16. Nh2 c6 17. Nxg4 hxg4 18. Qb4 f5 19. Bg5 Bf6 20.
Bxf6 Rxf6 21. Rac1 Ne6 22. e3 Rd8 23. Rfd1 Nxc5 24. Rxc5 Rfd6 25. Qb3+ Kg7 26. Ra5 Nc8 27. Qc3 Re6 28.
d4 b6 29. Ra4 c5 30. Rc1 cxd4 31. exd4 Kh7 32. d5 Red6 33. Rc4 e4 34. Rxc8 1-0

[Event "Kvibergspelen September 2019"]
[Site "Prioritet Serneke Arena, Krutvagen 2, Gothenburg, Sweden"]
[Date "2019.09.27"]
[Round "2.9"]
[White "Carlsson, Ludvig"]
[Black "Lindberg, Bengt"]
[Result "1/2-1/2"]
[TimeControl "15 minutes + 5 seconds per move from move one (Round 1 - 4) / 90 minutes + 30 seconds per move from move one (Round 5 - 8)"]
[WhiteTitle "CM"]
[BlackTitle "IM"]
[WhiteFideId "1727010"]
[BlackFideId "1700359"]
[WhiteElo "2066"]
[BlackElo "2397"]

1. Nf3 Nf6 2. c4 c5 3. g3 e6 4. Bg2 Nc6 5. O-O Be7 6. b3 O-O 7. Bb2 d5 8. cxd5 Nxd5 9. d4 Bd7 10.
Nc3 Nxc3 11. Bxc3 Rc8 12. Rc1 b6 13. dxc5 Bxc5 14. Qd2 Qe7 15. Rfd1 Rfd8 16. e3 Be8 17. Qe2 Nb4 18. Rxd8 Rxd8 19.
a3 Nd5 20. b4 Nxc3 21. Rxc3 Bd6 22. Nd4 g6 23. Nc6 Bxc6 24. Rxc6 Be5 25. Bf3 Kg7 26. Kg2 Rd7 27. Qc2 Qf6 28.
h4 h5 29. a4 Qe7 30. Qe4 Bf6 31. Qc4 Be5 32. a5 bxa5 33. bxa5 Bf6 34. a6 Qa3 35. Rc7 Rxc7 36. Qxc7 Qxa6 37.
Bc6 Qc4 38. Qb7 Qc5 39. Be8 Qd5+ 40. Qxd5 exd5 41. Bc6 d4 42. exd4 Bxd4 43. Bb5 a5 44. f3 f6 45. Be8 Kh6 46.
Kh3 g5 47. g4 hxg4+ 48. hxg5+ Kxg5+ 49. fxg4 Kf4 50. Kh4 Be3 51. Bc6 Ke5 52. Kg3 Kd4 53. Kf3 Bg5 54. Ke2 Kc3 55.
Kd1 Kb3 56. Bd5+ Kb2 57. Bc6 Kc3 58. Bd7 Kb3 59. Be6+ Kb4 60. Kc2 a4 61. Kb2 Be3 62. Ka2 Bc5 63. Bc8 a3 64. Bd7 Kc3 65. Bc8 1/2-1/2

[Event "Kvibergspelen September 2019"]
[Site "Prioritet Serneke Arena, Krutvagen 2, Gothenburg, Sweden"]
[Date "2019.09.27"]
[Round "2.10"]
[White "Pantzar, Milton"]
[Black "Skou, Niels"]
[Result "1-0"]
[TimeControl "15 minutes + 5 seconds per move from move one (Round 1 - 4) / 90 minutes + 30 seconds per move from move one (Round 5 - 8)"]
[WhiteTitle "FM"]
[WhiteFideId "1721003"]
[BlackFideId "1413155"]
[WhiteElo "2376"]
[BlackElo "2082"]

1. d4 d5 2. c4 e6 3. Nc3 Nf6 4. cxd5 exd5 5. Bg5 Be7 6. e3 c6 7. Bd3 Nbd7 8. Qc2 h6 9. Bh4 Nh5 10.
Bxe7 Qxe7 11. O-O-O Nb6 12. h3 Nf6 13. Nf3 Be6 14. Kb1 O-O-O 15. Rc1 Kb8 16. Na4 Nxa4 17. Qxa4 Nd7 18. Rc3 Nb6 19.
Qa5 f6 20. Rhc1 Qd7 21. Ka1 Qc7 22. Nd2 Nc8 23. Qa4 Nb6 24. Qb4 Qd6 25. Qa5 Qc7 26. Nb3 Nc8 27. Qb4 Rhe8 28. Nc5 Ka8 29.
Qa4 Nb6 30. Qa5 Kb8 31. Ra3 Nc8 32. Qb4 Nb6 33. Rb3 Ka8 34. Qa5 Kb8 35. a4 Ka8 36. Qb4 Bc8 37. a5 Nd7 38. Na4 Re6 39.
Bf5 Qd6 40. Bxe6 Qxe6 41. Nc5 Nxc5 42. Qxc5 Rd6 43. Qc3 Qe7 44. Qb4 Qd8 45. Rbc3 Re6 46. a6 c5 47. Qxc5 Rxa6+ 48. Kb1 Bf5+ 49. R1c2 Rc6 50. Qb5 Rxc3 51.
bxc3 a6 52. Qc5 Qd7 53. Qb4 Qc6 54. Kc1 Bxc2 55. Kxc2 Qd7 56. g4 f5 57. f3 fxg4 58. hxg4 h5 59. Qf8+ Ka7 60. gxh5 Qe6 61. Qf4 a5 62. Qe5 Qd7 63. e4 Qa4+ 64. Kd2 Qa2+ 65. Ke3 dxe4 66. fxe4 Qg2 67. Qxa5+ Kb8 68. Qe5+ Ka7 69. Qf5 Qg1+ 70.
Kf4 Qh2+ 71. Ke3 Qg1+ 72. Kd3 Qb1+ 73.
Kc4 Qa2+ 74. Kc5 Qa5+ 75. Kd6 Qd8+ 76. Qd7 Qf6+ 77. Kc7 Qb6 78. Kc8 Qb3 79.
Qd5 Qxc3+ 80. Qc5+ Qxc5+ 81. dxc5 b5 82. cxb6+ Kxb6 83. Kd7 Kc5 84. e5 Kd5 1-0

[Event "Kvibergspelen September 2019"]
[Site "Prioritet Serneke Arena, Krutvagen 2, Gothenburg, Sweden"]
[Date "2019.09.27"]
[Round "2.11"]
[White "Hardlei, Johan"]
[Black "Akesson, Ralf"]
[Result "0-1"]
[TimeControl "15 minutes + 5 seconds per move from move one (Round 1 - 4) / 90 minutes + 30 seconds per move from move one (Round 5 - 8)"]
[BlackTitle "GM"]
[WhiteFideId "1440489"]
[BlackFideId "1700120"]
[WhiteElo "2054"]
[BlackElo "2367"]

1. Nf3 Nf6 2. b3 c5 3. Bb2 Nc6 4. e3 e6 5. d4 b6 6.
Be2 Bb7 7. O-O Be7 8. c4 cxd4 9. Nxd4 O-O 10. Bf3 Qb8 11. Nd2 Rd8 12. Qe2 d5 13. Rfd1 Ne5 14. Nb5 a6 15. Bxe5 Qxe5 16. Nd4 Rac8 17.
cxd5 Nxd5 18. Nc4 Qb8 19. Rac1 Ba8 20. h3 b5 21. Bxd5 Bxd5 22. e4 Ba8 23. Nb2 Rxc1 0-1

[Event "Kvibergspelen September 2019"]
[Site "Prioritet Serneke Arena, Krutvagen 2, Gothenburg, Sweden"]
[Date "2019.09.27"]
[Round "2.12"]
[White "Bellon Lopez, Juan"]
[Black "Troedsson, Anton"]
[Result "1-0"]
[TimeControl "15 minutes + 5 seconds per move from move one (Round 1 - 4) / 90 minutes + 30 seconds per move from move one (Round 5 - 8)"]
[WhiteTitle "GM"]
[WhiteFideId "2200031"]
[BlackFideId "1746006"]
[WhiteElo "2334"]
[BlackElo "2056"]

1. d4 d5 2. Bg5 c5 3. c3 Qb6 4. Qb3 c4 5. Qc2 Nf6 6. Nd2 g6 7. e4 Nxe4 8. Nxe4 Bf5 9. f3 dxe4 10.
g4 Bd7 11. Bxc4 Qa5 12. Bh4 Nc6 13. O-O-O Bh6+ 14. Kb1 exf3 15. Nxf3 Bxg4 16. Rdf1 O-O 17. h3 Bf5 18. Bd3 Be6 19.
b3 Rac8 20. Be1 Qa3 21. Qb2 Qd6 22. Bd2 Bg7 23. Ng5 Bd5 24. Ne4 Bxe4 25. Bxe4 e5 26. d5 Ne7 27. c4 b5 28. Ka1 bxc4 29.
Rc1 f5 30. bxc4 fxe4 31. Bb4 Qd7 32. Qa3 Rf3 33. Qa6 Nf5 34. c5 Rb8 35. c6 Qxd5 36. c7 Qd4+ 37. Bc3 Rxc3 38. cxb8=Q+ Rc8+ 39. Qb2 1-0

[Event "Kvibergspelen September 2019"]
[Site "Prioritet Serneke Arena, Krutvagen 2, Gothenburg, Sweden"]
[Date "2019.09.27"]
[Round "2.13"]
[White "Attefall, Fredrik"]
[Black "Ernst, Thomas"]
[Result "0-1"]
[TimeControl "15 minutes + 5 seconds per move from move one (Round 1 - 4) / 90 minutes + 30 seconds per move from move one (Round 5 - 8)"]
[BlackTitle "GM"]
[WhiteFideId "1706357"]
[BlackFideId "1700065"]
[WhiteElo "2040"]
[BlackElo "2328"]

1. e4 c5 2. Nf3 d6 3. d4 cxd4 4. Nxd4 Nf6 5. f3 e5 6. Nb3 d5 7. Bg5 Be6 8. Bxf6 gxf6 9. exd5 Qxd5 10.
Qxd5 Bxd5 11. Nc3 Be6 12. Ne4 Nd7 13. Bb5 Be7 14. O-O-O O-O-O 15. Rd3 f5 16. Nd6+ Kc7 17. Bxd7 Rxd7 18.
Nb5+ Kb6 19. Rxd7 Bxd7 20. Nc3 Bc6 21. Re1 Re8 22. Kb1 Bb4 23. Nd2 Kc7 24. a3 Bxc3 25. bxc3 f4 26. Nc4 e4 27. fxe4 Rxe4 28. Rxe4 Bxe4 29.
g3 f3 30. Kc1 f2 31. Ne3 Bg2 0-1

[Event "Kvibergspelen September 2019"]
[Site "Prioritet Serneke Arena, Krutvagen 2, Gothenburg, Sweden"]
[Date "2019.09.27"]
[Round "2.14"]
[White "Lyngsjo, Hakan"]
[Black "Ziegler, Ari"]
[Result "1-0"]
[TimeControl "15 minutes + 5 seconds per move from move one (Round 1 - 4) / 90 minutes + 30 seconds per move from move one (Round 5 - 8)"]
[BlackTitle "IM"]
[WhiteFideId "1701649"]
[BlackFideId "1700987"]
[WhiteElo "2031"]
[BlackElo "2299"]

1. e4 c5 2. Nf3 d6 3. Bb5+ Nc6 4. Bxc6+ bxc6 5. O-O e5 6. c3 g5 7. d4 g4 8. Ng5 h6 9. Nxf7 Kxf7 10. dxe5 Be6 11. f3 g3 12.
f4 gxh2+ 13. Kh1 h5 14. f5 Bc4 15. e6+ Ke8 16. Rf3 Nf6 17. Bg5 Be7 18. Nd2 Ba6 19. Rh3 Qb6 20. e5 Ng4 21.
Qxg4 hxg4 22. Rxh8+ Bf8 23. f6 Kd8 24. Rxf8+ Kc7 25. Rf7+ Kb8 26. e7 1-0

[Event "Kvibergspelen September 2019"]
[Site "Prioritet Serneke Arena, Krutvagen 2, Gothenburg, Sweden"]
[Date "2019.09.27"]
[Round "2.15"]
[White "Andersson, Lars"]
[Black "Sidorchuk, Dmitry"]
[Result "0-1"]
[TimeControl "15 minutes + 5 seconds per move from move one (Round 1 - 4) / 90 minutes + 30 seconds per move from move one (Round 5 - 8)"]
[WhiteFideId "1706772"]
[BlackFideId "14110903"]
[WhiteElo "2029"]
[BlackElo "2266"]

1. d4 d5 2. Bf4 Nf6 3. e3 e6 4. Nf3 Be7 5. h3 O-O 6. Nbd2 Nbd7 7. Bd3 c5 8. c3 b6 9. Qe2 Bb7 10.
O-O h6 11. Rad1 Ne4 12. Bb1 f5 13. Ne5 Nxe5 14. Bxe5 a5 15. Bd3 Bd6 16. Nf3 Nf6 17. Bxd6 Qxd6 18. Ne5 Nd7 19. f4 Nxe5 20.
fxe5 Qe7 21. Kh2 c4 22. Bb1 Bc6 23. g4 g6 24. gxf5 exf5 25. Rg1 Kh7 26. Rg3 Be8 27. Rdg1 Ra7 28.
Qg2 Qe6 29. h4 b5 30. Bc2 b4 31. Rf1 bxc3 32. bxc3 Rb7 33. Bd1 a4 34. h5 g5 35. Bg4 Kg7 36. Bf3 Rb5 37. Rg1 Kh8 38. Rf1 Rg8 39. Qc2 a3 40. Rb1 g4 41. Rxb5 Bxb5 42.
Bxd5 Qxd5 43. Qxf5 Bc6 44. Qf6+ Rg7 45. Qxh6+ Kg8 46. Rg1 g3+ 47. Kh3 Bd7+ 0-1

[Event "Kvibergspelen September 2019"]
[Site "Prioritet Serneke Arena, Krutvagen 2, Gothenburg, Sweden"]
[Date "2019.09.27"]
[Round "2.16"]
[White "Malmstig, Erik"]
[Black "Bergmanolson, Michael"]
[Result "1-0"]
[TimeControl "15 minutes + 5 seconds per move from move one (Round 1 - 4) / 90 minutes + 30 seconds per move from move one (Round 5 - 8)"]
[WhiteTitle "FM"]
[WhiteFideId "1702866"]
[BlackFideId "1701436"]
[WhiteElo "2257"]
[BlackElo "2050"]

1. d4 Nf6 2. Bg5 e6 3. e4 h6 4. Bxf6 Qxf6 5. Qd2 d6 6. Nc3 c6 7. O-O-O Nd7 8. f4 e5 9. Nge2 Be7 10.
g3 exd4 11. Nxd4 Nc5 12. Bg2 Bg4 13. Rde1 O-O-O 14. Kb1 Kb8 15. f5 g6 16. h3 gxf5 17. exf5 Bh5 18. g4 d5 19. gxh5 Bd6 20.
Qf2 Rhg8 21. Nde2 Rde8 22. Ref1 Rg5 23. h4 Rg7 24. Bh3 Ne4 25. Nxe4 Rxe4 26. Rfg1 Rb4 27. c3 Rxg1+ 28. Rxg1 Rb6 29. Nd4 Be5 30. Qe3 c5 31.
Rg8+ Kc7 32. Nb3 d4 33. cxd4 cxd4 34. Qd3 Rc6 35. Bg2 1-0

[Event "Kvibergspelen September 2019"]
[Site "Prioritet Serneke Arena, Krutvagen 2, Gothenburg, Sweden"]
[Date "2019.09.27"]
[Round "2.17"]
[White "Fransson, Lennart"]
[Black "Pham, Bich Ngoc"]
[Result "0-1"]
[TimeControl "15 minutes + 5 seconds per move from move one (Round 1 - 4) / 90 minutes + 30 seconds per move from move one (Round 5 - 8)"]
[BlackTitle "WIM"]
[WhiteFideId "1706756"]
[BlackFideId "12401285"]
[WhiteElo "2008"]
[BlackElo "2244"]

1. c4 g6 2. g3 Bg7 3. Bg2 f5 4. Nc3 Nf6 5. d3 d6 6. e3 e5 7. Nge2 c6 8. O-O O-O 9. Rb1 Be6 10. f4 Nbd7 11. b3 a5 12.
h3 Qc7 13. d4 e4 14. Ba3 Bf7 15. Rc1 Rab8 16. Kh2 Rfd8 17. Rg1 Nf8 18. Bh1 Qd7 19. g4 fxg4 20. Bxe4 Re8 21. Qd3 gxh3 22.
Bf3 Be6 23. e4 Ng4+ 24. Bxg4 Bxg4 25. Ng3 Ne6 26. Rcf1 Nxd4 27. c5 dxc5 28. Bxc5 b6 29. Ba3 Rbd8 30. Qe3 Nc2 0-1

[Event "Kvibergspelen September 2019"]
[Site "Prioritet Serneke Arena, Krutvagen 2, Gothenburg, Sweden"]
[Date "2019.09.27"]
[Round "2.18"]
[White "Petersson, Baldur Teodor"]
[Black "Jonsson, Jacob"]
[Result "1-0"]
[TimeControl "15 minutes + 5 seconds per move from move one (Round 1 - 4) / 90 minutes + 30 seconds per move from move one (Round 5 - 8)"]
[WhiteTitle "CM"]
[WhiteFideId "2309157"]
[BlackFideId "1726315"]
[WhiteElo "2238"]
[BlackElo "2029"]

1. e4 e6 2. d3 g6 3. Nc3 Bg7 4. g3 Ne7 5. Bg2 c5 6. f4 d5 7. e5 Nbc6 8. Nf3 b6 9. Nb5 Nf5 10.
g4 Nh4 11. Nd6+ Kf8 12. O-O Nxf3+ 13. Qxf3 h5 14. g5 Ba6 15. c3 Ne7 16. b4 Rb8 17. b5 Bb7 18. a4 a5 19. Ba3 Kg8 20.
d4 c4 21. Qh3 Nf5 22. Nxf5 exf5 23. Bd6 Ra8 24. Rfe1 Qd7 25. Bf3 Bf8 26. Bxf8 Rxf8 27. e6 fxe6 28. Re5 Rh7 29. Rae1 Bc8 30.
Qg2 Qf7 31. Rxd5 exd5 32. Bxd5 Bd7 33. Re7 Kh8 34. Bxf7 Rhxf7 35. Rxf7 Rxf7 36. Qd5 Kg7 37. Qxc4 Re7 38. Qd5 Be8 39.
Kf2 Bf7 40. Qd6 Re6 41. Qc7 Kg8 42.
c4 Re4 43. Qxb6 Rxf4+ 44. Ke3 Re4+ 45.
Kd3 Rh4 46. Qb8+ Kg7 47. Qe5+ Kg8 48. b6 Rh3+ 49. Kd2 Rb3 50.
Qb5 Rxb5 51. axb5 a4 52. b7 1-0

[Event "Kvibergspelen September 2019"]
[Site "Prioritet Serneke Arena, Krutvagen 2, Gothenburg, Sweden"]
[Date "2019.09.27"]
[Round "2.19"]
[White "Persson, Ulf"]
[Black "Crevatin, Leo"]
[Result "1/2-1/2"]
[TimeControl "15 minutes + 5 seconds per move from move one (Round 1 - 4) / 90 minutes + 30 seconds per move from move one (Round 5 - 8)"]
[BlackTitle "CM"]
[WhiteFideId "1726854"]
[BlackFideId "1726307"]
[WhiteElo "1991"]
[BlackElo "2235"]

1. e4 c5 2. Nc3 Nc6 3. g4 g6 4. h3 Bg7 5. Bg2 d6 6.
d3 h5 7.
gxh5 Rxh5 8. Be3 e5 9. Nd5 Be6 10. c3 Qd7 11. Qd2 O-O-O 12. O-O-O Kb8 13. Kb1 f5 14. f4 Nf6 15. Qf2 Qf7 16.
c4 Rdh8 17. Nf3 Nd7 18. Ng5 Qe8 19. Bf3 Rh4 20. Qg2 Bxd5 21. cxd5 Nd8 22. Bf2 R4h6 23. Bg3 fxe4 24. Nxe4 Qe7 25.
Rde1 Nf7 26. Bg4 Nf8 27. Rhf1 Qc7 28. Ng5 Nxg5 29. fxg5 R6h7 30. Rf2 Qe7 31. h4 Nd7 32. Ref1 Nb6 33. Rf7 Qd8 34. Be6 Bf8 35. Qe4 Be7 36. Qxg6 Rxf7 37. Rxf7 c4 38. Qg7 Re8 39. dxc4 Nxc4 40. Be1 Qb6 41. b3 Na3+ 42. Kb2 Nc4+ 43. Kb1 Na3+ 44. Kb2 Nc4+ 45. Kb1 1/2-1/2

[Event "Kvibergspelen September 2019"]
[Site "Prioritet Serneke Arena, Krutvagen 2, Gothenburg, Sweden"]
[Date "2019.09.27"]
[Round "2.20"]
[White "Sjoberg, Isak"]
[Black "Muntean, Victor"]
[Result "0-1"]
[TimeControl "15 minutes + 5 seconds per move from move one (Round 1 - 4) / 90 minutes + 30 seconds per move from move one (Round 5 - 8)"]
[WhiteFideId "1521640"]
[BlackFideId "1054414"]
[WhiteElo "2231"]
[BlackElo "2020"]

1. e4 e5 2. Nf3 Nc6 3. Bc4 Nf6 4.
Ng5 d5 5. exd5 Nd4 6. c3 b5 7. Bf1 h6 8. cxd4 hxg5 9. dxe5 Nxd5 10. Bxb5+ Bd7 11. Qa4 Nb4 12. O-O Bxb5 13. Qxb5+ c6 14.
Qc4 Qd3 15. Na3 Rh4 16. Qxd3 Nxd3 17. Nc2 Re4 18. b3 Rxe5 19. Nd4 Bc5 20. Nxc6 Re2 21. b4 Bxf2+ 22. Rxf2 Nxf2 23. Nd4 Re4 24. Nb5 Nd3 25. Nd6+ Kf8 26.
Nxe4 Re8 27. Ng3 Re1+ 28. Nf1 Nxc1 29. Rxc1 Rxc1 30. Kf2 Ra1 31. Ng3 Rxa2 32. Ne4 f5 33. Nxg5 Rxd2+ 34. Kf3 Rb2 35. Ne6+ Kf7 36. Nd8+ Kf6 37. Nc6 g5 38. Nxa7 Rxb4 39.
Nc6 Re4 40. Na5 Ra4 41. Nb7 Ke5 42.
Nd8 g4+ 43. Kf2 Ra2+ 44. Kg3 Ra3+ 45. Kf2 f4 46. Nf7+ Kd5 47. Nh6 Ra2+ 48. Kf1 g3 49. hxg3 fxg3 50. Nf5 Rf2+ 0-1

[Event "Kvibergspelen September 2019"]
[Site "Prioritet Serneke Arena, Krutvagen 2, Gothenburg, Sweden"]
[Date "2019.09.27"]
[Round "3.1"]
[White "Hillarp Persson, Tiger"]
[Black "Malmstig, Erik"]
[Result "1/2-1/2"]
[TimeControl "15 minutes + 5 seconds per move from move one (Round 1 - 4) / 90 minutes + 30 seconds per move from move one (Round 5 - 8)"]
[WhiteTitle "GM"]
[BlackTitle "FM"]
[WhiteFideId "1700812"]
[BlackFideId "1702866"]
[WhiteElo "2558"]
[BlackElo "2257"]

1. c4 e5 2. Nc3 Nc6 3. e3 Nf6 4. Nge2 d5 5. cxd5 Nxd5 6. a3 Be6 7. b4 Nb6 8. d3 a6 9. Bb2 Be7 10.
Rc1 f5 11. Na4 Nxa4 12. Qxa4 O-O 13. d4 f4 14. e4 Nxd4 15. Nxd4 exd4 16. Qc2 f3 17. Rg1 c5 18. Bc4 Bxc4 19.
Qxc4+ Kh8 20. bxc5 fxg2 21. Qxd4 Qxd4 22. Bxd4 Rf4 23. Rxg2 Rxe4+ 24. Be3 Rc8 25. Kd2 Rd8+ 26. Ke2 h6 27. Rg6 Bf6 28. c6 bxc6 29. Rxc6 Ra4 30. Bc1 Kh7 31. Rg3 Be5 32.
Rh3 a5 33. Rh5 Re8 34. Kf1 Re4 35. Bd2 a4 36. Ra6 Rf8 37. Rh3 Rc4 38. Re6 Bd4 39. Be3 Rc3 40. Rhxh6+ gxh6 41. Bxd4 Rxa3 42. h4 Raf3 43. Ra6 a3 44.
Bc5 R8f5 45. Kg2 h5 46. Be3 R3f4 47. Bxf4 Rxf4 48. Rxa3 1/2-1/2

[Event "Kvibergspelen September 2019"]
[Site "Prioritet Serneke Arena, Krutvagen 2, Gothenburg, Sweden"]
[Date "2019.09.27"]
[Round "3.2"]
[White "Sidorchuk, Dmitry"]
[Black "Blomqvist, Erik"]
[Result "1/2-1/2"]
[TimeControl "15 minutes + 5 seconds per move from move one (Round 1 - 4) / 90 minutes + 30 seconds per move from move one (Round 5 - 8)"]
[BlackTitle "GM"]
[WhiteFideId "14110903"]
[BlackFideId "1709437"]
[WhiteElo "2266"]
[BlackElo "2519"]

1. d4 Nf6 2. c4 e6 3. Nf3 Bb4+ 4. Bd2 a5 5. a3 Be7 6. Nc3 d5 7. e3 O-O 8. Rc1 b6 9. Bd3 Ba6 10.
Qe2 c5 11. O-O Nbd7 12. Rfd1 dxc4 13. Bxc4 Bxc4 14. Qxc4 Qb8 15. Qb5 Rc8 16. h3 h6 17. Be1 cxd4 18. exd4 Ra7 19. Bd2 Qa8 20.
Ne5 Rac7 21. Re1 Nxe5 22. Rxe5 Nd5 23. Rce1 Nxc3 24. Bxc3 Bxa3 25. Qxb6 Rb7 26. Qxa5 Qxa5 27. Rxa5 Bxb2 28.
Bxb2 Rxb2 29. d5 exd5 1/2-1/2

[Event "Kvibergspelen September 2019"]
[Site "Prioritet Serneke Arena, Krutvagen 2, Gothenburg, Sweden"]
[Date "2019.09.27"]
[Round "3.3"]
[White "Schandorff, Lars"]
[Black "Petersson, Baldur Teodor"]
[Result "1-0"]
[TimeControl "15 minutes + 5 seconds per move from move one (Round 1 - 4) / 90 minutes + 30 seconds per move from move one (Round 5 - 8)"]
[WhiteTitle "GM"]
[BlackTitle "CM"]
[WhiteFideId "1400070"]
[BlackFideId "2309157"]
[WhiteElo "2496"]
[BlackElo "2238"]

1. d4 Nf6 2. Nf3 g6 3.
c4 Bg7 4. Nc3 O-O 5. e4 d6 6. Be2 e5 7. d5 Na6 8. Bg5 h6 9. Bh4 Qe8 10. Nd2 h5 11. f3 Nh7 12. O-O Bh6 13.
Rb1 f5 14. b4 b6 15. a3 Be3+ 16. Kh1 g5 17. Be1 f4 18. Qa4 Qxa4 19. Nxa4 g4 20. Nc3 Nb8 21. Nb3 Ng5 22. Bh4 gxf3 23. gxf3 Nh3 24. Nd1 Ba6 25. Rb2 Nd7 26.
Re1 Nf6 27. Bf1 Bc8 28. Nxe3 fxe3 29. Rxe3 Rf7 30. Rc3 Bd7 31. c5 Kh7 32. cxd6 cxd6 33. Bxf6 Rxf6 34. Rc7 Rxf3 35. Rxd7+ Kh8 36. Bxh3 Rxh3 37. Nd2 Rc8 38.
Rb3 Rh4 39. Rf3 Rg4 40. h3 Rg6 41. Nf1 Rcg8 42. Rf2 Rg1+ 43. Kh2 R1g6 44. Ne3 Rg3 45. Nf5 Rxa3 46. Nxd6 Re3 47.
Nf7+ Kg7 48. Nxe5+ Kh8 49. Nf7+ Kg7 50. e5 Rc8 51. Nd6+ 1-0

[Event "Kvibergspelen September 2019"]
[Site "Prioritet Serneke Arena, Krutvagen 2, Gothenburg, Sweden"]
[Date "2019.09.27"]
[Round "3.5"]
[White "Pham, Bich Ngoc"]
[Black "Hector, Jonny"]
[Result "0-1"]
[TimeControl "15 minutes + 5 seconds per move from move one (Round 1 - 4) / 90 minutes + 30 seconds per move from move one (Round 5 - 8)"]
[WhiteTitle "WIM"]
[BlackTitle "GM"]
[WhiteFideId "12401285"]
[BlackFideId "1700090"]
[WhiteElo "2244"]
[BlackElo "2477"]

1. g3 d5 2. Bg2 e5 3. d3 Nc6 4. f4 exf4 5. Bxf4 Bd6 6. Qc1 Nf6 7. Nc3 O-O 8. Bg5 d4 9. Ne4 Be7 10.
Nf2 Ng4 11. Bxe7 Nxe7 12. Nxg4 Bxg4 13. Bxb7 Nf5 14. Nf3 Rb8 15. Be4 Ne3 16. Ne5 f5 17. Bf3 Qe8 18. Nxg4 fxg4 19. Be4 Qb5 20.
Rb1 Qa5+ 21. Qd2 Nxc2+ 22. Kd1 Ne3+ 23. Ke1 Qxa2 24. Qc1 Qa5+ 25. Qd2 Qa2 26. Qc1 Rb6 27. Ra1 Qf7 28. Rxa7 Qf2+ 29.
Kd2 Rfb8 30. Ra8 Rxa8 31. Bxa8 Qf8 32. Ke1 Qxa8 33. Rg1 Qa5+ 34. Qd2 Qa1+ 35. Kf2 Rf6# 0-1